Map: Ruins of Seras

Players

Petraeus

  • Race: Zerg Zerg
  • League: Grandmaster

INnoVation - Winner!

  • Race: Terran Terran

Event: NationWars III

VOD

Have the link to the VOD?

Description

Time

  • Played on: Dec. 12, 2015, 2:42 p.m.
  • Length: 8:04
Show
View Real Time Build Order
Export as new Build Order

Petraeus Zerg 

Build Orders: Hatch First 

Get SALT Encoding   

  12  0:01  Drone  
  13  0:12  Overlord  
  13  0:18  Drone  
  14  0:31  Drone x2  
  14  0:35  Drone  
  17  0:53  Hatchery  
  17  0:56  Drone  
  17  1:00  Drone  
  18  1:13  Spawning Pool  
  18  1:14  Extractor  
  18  1:18  Drone  
  17  1:21  Drone  
  18  1:28  Drone  
  19  1:39  Overlord  
  19  1:50  Drone  
  20  2:00  Queen  
  20  2:01  Zergling x2  
  23  2:05  Queen  
  23  2:06  Zergling x2  
  26  2:11  Drone  
  26  2:15  Metabolic Boost  
  27  2:16  Drone  
  28  2:28  Zergling x2  
  30  2:30  Drone  
  30  2:33  Drone  
  31  2:39  Drone  
  32  2:44  Hatchery  
  32  2:46  Drone  
  32  2:54  Queen  
  34  2:58  Overlord  
  34  3:00  Drone  
  34  3:01  Drone  
  35  3:17  Overlord  
  35  3:19  Drone x4  
  39  3:20  Drone x2  
  39  3:21  Drone  
  42  3:28  Zergling x2  
  43  3:35  Queen  
  43  3:38  Drone  
  43  3:40  Drone  
  47  3:48  Drone x2  
  49  3:49  Baneling Nest, Queen  
  49  3:51  Overlord  
  49  3:54  Zergling x2  
  51  3:57  Drone  
  51  3:58  Drone  
  51  3:59  Zergling x2  
  51  4:02  Drone x2  
  56  4:03  Extractor  
  55  4:21  Drone x3  
  55  4:22  Drone  
  61  4:27  Lair, Overlord  
  61  4:28  Overlord x2  
  61  4:30  Drone  
  62  4:33  Extractor  
  59  4:47  Drone x5  
  59  4:51  Roach Warren  
  59  4:52  Zergling x4  
  64  4:53  Evolution Chamber  
  64  4:54  Drone  
  64  4:55  Spore Crawler  
  63  5:02  Drone x3  
  63  5:04  Drone x3  
  68  5:23  Zerg Missile Weapons Level 1, Drone x2  
  68  5:24  Zergling x4  
  68  5:26  Overlord x3  
  68  5:27  Overlord  
  72  5:30  Drone, Glial Reconstitution  
  72  5:31  Roach x2, Extractor  
  72  5:33  Drone x3  
  79  5:40  Roach  
  80  5:45  Overlord  
  80  5:47  Roach  
  80  5:48  Drone x2  
  80  5:49  Roach  
  86  5:54  Drone  
  85  6:00  Drone x2  
  85  6:02  Roach x4  
  85  6:04  Overlord  
  95  6:05  Ravager x3  
  95  6:09  Roach  
  100  6:11  Overlord  
  100  6:17  Roach  
  102  6:20  Roach x3  
  102  6:22  Overlord x2  
  102  6:24  Roach x5  
  120  6:25  Roach  
  120  6:32  Drone  
  120  6:35  Drone  
  120  6:36  Roach  
  123  6:40  Extractor  
  123  6:43  Evolution Chamber, Roach  
  123  6:44  Hatchery  
  119  6:50  Overlord  
  119  6:52  Roach x3  
  119  6:53  Roach x3  
  131  6:54  Roach  
  131  6:58  Drone x3  
  131  7:00  Drone  
  137  7:02  Drone x2  
  137  7:07  Extractor  
  138  7:13  Drone x2  
  138  7:15  Drone  
  141  7:19  Drone  
  141  7:21  Drone x2  
  137  7:30  Zergling x10  
  137  7:35  Infestation Pit  
  134  7:47  Extractor  
Show
View Real Time Build Order
Export as new Build Order

INnoVation Terran - Winner!

Build Orders: Liberator Opening, Reaper Expand 

Get SALT Encoding   

  12  0:00  SCV  
  13  0:13  SCV  
  14  0:18  Supply Depot  
  14  0:25  SCV  
  15  0:39  SCV  
  15  0:40  Barracks  
  16  0:45  Refinery  
  16  0:51  SCV  
  17  1:03  SCV  
  18  1:16  SCV  
  19  1:28  Reaper, Orbital Command  
  20  1:41  Command Center  
  20  1:50  Supply Depot  
  20  1:53  SCV  
  21  2:00  Marine  
  22  2:06  SCV  
  23  2:09  Factory  
  23  2:16  Refinery  
  23  2:18  SCV  
  23  2:22  Barracks Reactor  
  24  2:30  SCV  
  25  2:42  SCV  
  26  2:54  SCV, Starport  
  26  2:55  Orbital Command  
  27  3:01  Hellion  
  27  3:02  Hellion  
  31  3:06  SCV, Barracks Tech Lab  
  32  3:16  Liberator  
  32  3:18  SCV  
  33  3:21  SCV  
  34  3:30  SCV  
  34  3:33  SCV  
  39  3:41  Supply Depot x2  
  39  3:42  SCV  
  39  3:46  SCV  
  41  3:53  Command Center  
  41  3:55  SCV  
  42  3:58  SCV  
  42  3:59  Marine x2  
  42  4:01  Liberator  
  45  4:03  Siege Tank  
  45  4:07  SCV  
  49  4:10  SCV  
  49  4:16  Supply Depot  
  50  4:20  Marine x2  
  50  4:21  SCV  
  50  4:22  SCV  
  56  4:28  Refinery  
  56  4:30  Refinery  
  56  4:35  SCV x2  
  58  4:39  Siege Tank  
  58  4:41  Supply Depot, Marine x2  
  58  4:45  Liberator  
  63  4:47  SCV x2  
  65  4:57  Barracks  
  65  4:58  Barracks  
  65  4:59  SCV x2  
  67  5:06  Orbital Command  
  70  5:11  SCV  
  70  5:12  SCV  
  72  5:17  Marine  
  70  5:22  Engineering Bay, Orbital Command  
  70  5:24  SCV x2, Engineering Bay  
  75  5:28  Siege Tank  
  75  5:30  Supply Depot  
  75  5:36  SCV x2  
  77  5:45  Starport Reactor  
  77  5:46  Barracks Tech Lab x2  
  77  5:48  SCV x3  
  77  5:49  Terran Infantry Weapons Level 1  
  80  5:50  Terran Infantry Armor Level 1  
  80  5:52  Supply Depot  
  80  6:00  SCV x3  
  80  6:04  Barracks  
  83  6:05  Combat Shields, Barracks  
  83  6:09  Supply Depot  
  83  6:13  SCV  
  83  6:14  SCV x2  
  83  6:17  Marine x3  
  83  6:18  Marine  
  88  6:24  Medivac  
  90  6:26  SCV x3, Refinery  
  90  6:27  Medivac  
  90  6:29  Refinery  
  90  6:32  Supply Depot  
  95  6:35  Marine x4  
  95  6:38  SCV x3  
  102  6:41  Siege Tank  
  105  6:48  Armory  
  105  6:51  SCV x3  
  105  6:53  Barracks Reactor, Marine  
  109  6:54  Barracks Reactor  
  109  6:55  Supply Depot, Marine x3  
  109  6:58  Medivac  
  114  7:03  SCV, Medivac  
  117  7:09  SCV x2  
  117  7:11  Marine  
  117  7:13  Marine x3  
  121  7:15  SCV  
  121  7:16  Siege Tank  
  121  7:19  Refinery  
  123  7:23  Supply Depot  
  123  7:24  Supply Depot  
  123  7:27  SCV  
  123  7:28  SCV x2, Marine  
  122  7:30  Marine  
  122  7:31  Marauder x2  
  122  7:32  Marine x2  
  122  7:33  Marine x2  
  127  7:40  SCV x3  
  127  7:45  Supply Depot  
  127  7:46  Marine  
  123  8:00  Refinery  
  123  8:01  Refinery  
Tags
 
Add a new tag
Caveats
  • Supply blocks, unpowered buildings, or Contaminate may cause inaccurate times.
  • Supply counts are checked every 10 seconds.